% Time on Ice - KELOWNA ROCKETS
Lines # - Real PCT - Wanted PCT - Time Play
Normal Forward
1 - 35% - 36% - 16:07
2 - 32% - 36% - 14:51
3 - 26% - 28% - 11:54
4 - 8% - 0% - 3:30
Normal Defense
1 - 37% - 37% - 17:06
2 - 32% - 35% - 14:57
3 - 31% - 28% - 14:19
4 - 0% - 0% - 0:00
PP Forward
1 - 52% - 55% - 3:45
2 - 48% - 45% - 3:27
PP Defense
1 - 62% - 65% - 4:28
2 - 38% - 35% - 2:44
PK Forward
1 - 95% - 65% - 6:05
2 - 5% - 35% - 0:21
PK Defense
1 - 46% - 55% - 2:57
2 - 54% - 45% - 3:29
PK3 Forward
1 - 0% - 60%
2 - 0% - 40%
PK3 Defense
1 - 0% - 55%
2 - 0% - 45%
44 Forward
1 - 0% - 55%
2 - 0% - 45%
44 Defense
1 - 0% - 55%
2 - 0% - 45%
Last Minute Offensive  - 0:00
Last Minute Defensive  - 0:00
Total
Forward - 60:00
Defense - 60:00
% Time on Ice - SACRAMENTO BANDITS
Lines # - Real PCT - Wanted PCT - Time Play
Normal Forward
1 - 36% - 39% - 16:54
2 - 32% - 31% - 14:47
3 - 21% - 23% - 9:57
4 - 10% - 7% - 4:44
Normal Defense
1 - 39% - 41% - 18:11
2 - 31% - 33% - 14:26
3 - 30% - 26% - 13:45
4 - 0% - 0% - 0:00
PP Forward
1 - 55% - 55% - 3:32
2 - 45% - 45% - 2:54
PP Defense
1 - 47% - 55% - 3:00
2 - 53% - 45% - 3:26
PK Forward
1 - 57% - 55% - 4:08
2 - 43% - 45% - 3:04
PK Defense
1 - 60% - 55% - 4:20
2 - 40% - 45% - 2:52
PK3 Forward
1 - 0% - 55%
2 - 0% - 45%
PK3 Defense
1 - 0% - 55%
2 - 0% - 45%
44 Forward
1 - 0% - 55%
2 - 0% - 45%
44 Defense
1 - 0% - 55%
2 - 0% - 45%
Last Minute Offensive  - 0:00
Last Minute Defensive  - 0:00
Total
Forward - 60:00
Defense - 60:00
Play-by-Play 1st period 0:01 of 1st period - Aleksander Barkov wins face-off versus Auston Matthews in neutral zone. 0:04 of 1st period - Adam Fox is hit by Max Pacioretty and loses puck. 0:13 of 1st period - Shot by Aleksander Barkov. 0:13 of 1st period - Shot Misses the Net. 0:58 of 1st period - Adam Fox is hit by Mikhail Sergachev and loses puck. 1:18 of 1st period - Jonathan Huberdeau is hit by Dmitri Orlov and loses puck. 1:40 of 1st period - Shot by Patrice Bergeron. 1:40 of 1st period - Shot Misses the Net. 2:29 of 1st period - Shot by Valeri Nichushkin. 2:29 of 1st period - Stopped by Andrei Vasilevskiy without a rebound. 2:29 of 1st period - Minor Penalty to Andrei Vasilevskiy for Delaying the game. 2:30 of 1st period - Anthony Cirelli wins face-off versus Alexander DeBrincat in SACRAMENTO BANDITS zone. 4:08 of 1st period - Shot by Auston Matthews. 4:08 of 1st period - Shot Misses the Net. 4:10 of 1st period - Shot by Adam Fox. 4:10 of 1st period - Shot Misses the Net. 4:43 of 1st period - Ryan Lomberg is hit by Mark Giordano and loses puck. 5:32 of 1st period - Mikhail Sergachev is hit by Anthony Cirelli and loses puck. 5:46 of 1st period - Shot by Alexander Ovechkin. 5:46 of 1st period - Stopped by Andrei Vasilevskiy with a rebound. 5:56 of 1st period - Duncan Keith is hit by Colton Sissons and loses puck. 6:00 of 1st period - Anthony Cirelli is hit by Nicolas Aube-Kubel and loses puck. 7:13 of 1st period - Off-side. 7:14 of 1st period - Aleksander Barkov wins face-off versus Cody Eakin in neutral zone. 7:25 of 1st period - Shot by Alexander DeBrincat. 7:25 of 1st period - Stopped by Craig Anderson without a rebound. 7:26 of 1st period - Auston Matthews wins face-off versus Aleksander Barkov in KELOWNA ROCKETS zone. 7:45 of 1st period - Shot by Aleksander Barkov. 7:45 of 1st period - Stopped by Craig Anderson without a rebound. 7:46 of 1st period - Patrice Bergeron wins face-off versus J.T. Compher in KELOWNA ROCKETS zone. 7:55 of 1st period - Shot by J.T. Compher. 7:55 of 1st period - Shot Misses the Net. 8:15 of 1st period - Shot by J.T. Compher. 8:15 of 1st period - Stopped by Andrei Vasilevskiy without a rebound. 8:16 of 1st period - Aleksander Barkov wins face-off versus Vladimir Tarasenko in SACRAMENTO BANDITS zone. 8:42 of 1st period - Shot by Pavel Buchnevich. 8:42 of 1st period - Stopped by Andrei Vasilevskiy without a rebound. 8:43 of 1st period - Anthony Cirelli wins face-off versus Jonathan Huberdeau in SACRAMENTO BANDITS zone. 9:02 of 1st period - Shot by Alexander Ovechkin. 9:02 of 1st period - Stopped by Andrei Vasilevskiy with a rebound. 9:04 of 1st period - Shot by Valeri Nichushkin. 9:04 of 1st period - Deflect By Alexander Ovechkin. 9:04 of 1st period - Stopped by Andrei Vasilevskiy with a rebound. 9:06 of 1st period - Shot by Alexander Ovechkin. 9:06 of 1st period - Stopped by Andrei Vasilevskiy without a rebound. 9:07 of 1st period - Aleksander Barkov wins face-off versus Tyler Bertuzzi in SACRAMENTO BANDITS zone. 9:28 of 1st period - Shot by J.T. Compher. 9:28 of 1st period - Stopped by Andrei Vasilevskiy with a rebound. 9:38 of 1st period - Shot by Alexander DeBrincat. 9:38 of 1st period - Shot Misses the Net. 9:40 of 1st period - Shot by Brent Burns. 9:40 of 1st period - Shot Blocked by Duncan Keith. 9:42 of 1st period - Shot by Alexander DeBrincat. 9:42 of 1st period - Stopped by Craig Anderson without a rebound. 9:43 of 1st period - Anthony Cirelli wins face-off versus Patrice Bergeron in KELOWNA ROCKETS zone. 10:18 of 1st period - Anthony Cirelli is hit by Zdeno Chara and loses puck. 10:39 of 1st period - Shot by Pavel Buchnevich. 10:39 of 1st period - Stopped by Andrei Vasilevskiy without a rebound. 10:40 of 1st period - Aleksander Barkov wins face-off versus J.T. Compher in SACRAMENTO BANDITS zone. 10:56 of 1st period - Icing by Duncan Keith. 10:57 of 1st period - J.T. Compher wins face-off versus Nicolas Aube-Kubel in KELOWNA ROCKETS zone. 10:57 of 1st period - J.T. Compher is hit by Colton Sissons. 11:02 of 1st period - Off-side. 11:03 of 1st period - Auston Matthews wins face-off versus Alexander DeBrincat in neutral zone. 11:16 of 1st period - Shot by Auston Matthews. 11:16 of 1st period - Stopped by Andrei Vasilevskiy with a rebound. 12:07 of 1st period - Shot by Alexander Ovechkin. 12:07 of 1st period - Stopped by Andrei Vasilevskiy with a rebound. 12:18 of 1st period - Icing by John Carlson. 12:19 of 1st period - J.T. Compher wins face-off versus Aleksander Barkov in SACRAMENTO BANDITS zone. 12:43 of 1st period - Icing by Derek Ryan. 12:44 of 1st period - J.T. Compher wins face-off versus Nicolas Aube-Kubel in KELOWNA ROCKETS zone. 12:46 of 1st period - Icing by Tyler Bertuzzi. 12:47 of 1st period - J.T. Compher wins face-off versus Nicolas Aube-Kubel in KELOWNA ROCKETS zone. 13:16 of 1st period - Off-side. 13:17 of 1st period - Anthony Cirelli wins face-off versus Patrice Bergeron in neutral zone. 13:20 of 1st period - Shot by Anthony Cirelli. 13:20 of 1st period - Shot Blocked by Niko Mikkola. 13:22 of 1st period - Shot by Anthony Cirelli. 13:22 of 1st period - Deflect By Alexander Ovechkin. 13:22 of 1st period - Stopped by Andrei Vasilevskiy without a rebound. 13:23 of 1st period - Patrice Bergeron wins face-off versus Alexander Ovechkin in SACRAMENTO BANDITS zone. 13:58 of 1st period - Minor Penalty to Patrice Bergeron for Hooking. 13:59 of 1st period - Alexander DeBrincat wins face-off versus Auston Matthews in SACRAMENTO BANDITS zone. 14:17 of 1st period - Jonathan Huberdeau is hit by Vladimir Tarasenko and loses puck. 14:58 of 1st period - Shot by Anthony DeAngelo. 14:58 of 1st period - Deflect By Anthony Cirelli. 14:58 of 1st period - Stopped by Andrei Vasilevskiy without a rebound. 14:59 of 1st period - Anthony Cirelli wins face-off versus Alexander DeBrincat in SACRAMENTO BANDITS zone. 16:17 of 1st period - Off-side. 16:18 of 1st period - Auston Matthews wins face-off versus Patrice Bergeron in neutral zone. 16:29 of 1st period - Shot by Vladimir Tarasenko. 16:29 of 1st period - Stopped by Andrei Vasilevskiy without a rebound. 16:30 of 1st period - Cody Eakin wins face-off versus Aleksander Barkov in SACRAMENTO BANDITS zone. 16:42 of 1st period - Off-side. 16:43 of 1st period - Alexander Ovechkin wins face-off versus Nicolas Aube-Kubel in neutral zone. 17:11 of 1st period - Shot by Anthony Cirelli. 17:11 of 1st period - Shot Misses the Net. 17:13 of 1st period - Shot by Anthony Cirelli. 17:13 of 1st period - Stopped by Andrei Vasilevskiy without a rebound. 17:14 of 1st period - Auston Matthews wins face-off versus Aleksander Barkov in SACRAMENTO BANDITS zone. 17:37 of 1st period - Pavel Buchnevich is hit by Brent Burns and loses puck. 18:30 of 1st period - Shot by Anthony Cirelli. 18:30 of 1st period - Shot Misses the Net. 18:40 of 1st period - Shot by Patrice Bergeron. 18:40 of 1st period - Stopped by Craig Anderson without a rebound. 18:41 of 1st period - J.T. Compher wins face-off versus Nicolas Aube-Kubel in KELOWNA ROCKETS zone. 18:43 of 1st period - Icing by Tyler Bertuzzi. 18:44 of 1st period - Nicolas Aube-Kubel wins face-off versus J.T. Compher in KELOWNA ROCKETS zone. 18:45 of 1st period - Shot by Carter Verhaeghe. 18:45 of 1st period - Shot Misses the Net. 18:47 of 1st period - Shot by Carter Verhaeghe. 18:47 of 1st period - Shot Misses the Net. 18:53 of 1st period - Shot by Carter Verhaeghe. 18:53 of 1st period - Stopped by Craig Anderson without a rebound. 18:54 of 1st period - Auston Matthews wins face-off versus Phil Kessel in KELOWNA ROCKETS zone. 19:01 of 1st period - Shot by Pavel Buchnevich. 19:01 of 1st period - Stopped by Andrei Vasilevskiy without a rebound. 19:02 of 1st period - J.T. Compher wins face-off versus Aleksander Barkov in SACRAMENTO BANDITS zone. Goals for this period are 0 for KELOWNA ROCKETS vs 0 for SACRAMENTO BANDITS. Shots for this period are 16 for KELOWNA ROCKETS vs 5 for SACRAMENTO BANDITS. 2nd period 0:01 of 2nd period - Auston Matthews wins face-off versus Aleksander Barkov in neutral zone. 1:00 of 2nd period - Shot by Alexander Ovechkin. 1:00 of 2nd period - Stopped by Andrei Vasilevskiy without a rebound. 1:01 of 2nd period - Patrice Bergeron wins face-off versus Anthony Cirelli in SACRAMENTO BANDITS zone. 1:06 of 2nd period - Shot by Alexander Ovechkin. 1:06 of 2nd period - Stopped by Andrei Vasilevskiy without a rebound. 1:07 of 2nd period - Patrice Bergeron wins face-off versus Anthony Cirelli in SACRAMENTO BANDITS zone. 1:18 of 2nd period - Shot by Alexander Ovechkin. 1:18 of 2nd period - Shot Misses the Net. 1:32 of 2nd period - Shot by Anthony Cirelli. 1:32 of 2nd period - Stopped by Andrei Vasilevskiy without a rebound. 1:33 of 2nd period - J.T. Compher wins face-off versus Nicolas Aube-Kubel in SACRAMENTO BANDITS zone. 1:34 of 2nd period - Shot by Derek Ryan. 1:34 of 2nd period - Stopped by An